 Dungeon Crawl Stone Soup version 0.26-a0-639-g72c4674329 (webtiles) character file.

Game seed: 3392309409442085448

97922 Borgoz the Bludgeoner (level 16, 0/105 HPs)
             Began as a Gargoyle Gladiator on Sept 18, 2020.
             Was a High Priest of Ashenzari.
             Slain by an orc warrior
             ... wielding a +0 scimitar
             ... led by an orc high priest
              (11 damage)
             ... on level 2 of the Orcish Mines.
             The game lasted 00:43:37 (30717 turns).

Borgoz the Bludgeoner (Gargoyle Gladiator)         Turns: 30717, Time: 00:43:37

Health: 0/105      AC: 28    Str: 18 (20) XL:     16   Next: 20%
Magic:  0/16       EV: 19    Int: 12      God:    Ashenzari [*****.]
Gold:   1687       SH:  0    Dex: 14      Spells: 15/15 levels left

rFire    . . .     SeeInvis +   A - +2 eveningstar (pain)
rCold    . . .     Faith    .   (no shield)
rNeg     + . .     Spirit   +   g - +1 troll leather armour {Snorg}
rPois    ∞         Reflect  .   z - +1 hat {MR+}
rElec    +         Harm     .   J - scarf {+Inv}
rCorr    +         Rampage  .   (no gloves)
MR       +++++     Clarity  +   E - +2 pair of boots {run}
Stlth    +.........             a - amulet of guardian spirit
HPRegen  0.67/turn              N - ring of the Mage {Wiz MR++ Int+3}
MPRegen  0.15/turn              F - ring of resist corrosion

@: flying, lightly drained, quick
A: antennae 1, big wings, molten scales 1, yellow scales 1, deterioration 1,
magic resistance 1, negative energy resistance 1, electricity resistance, weak
1, unbreathing, petrification resistance, rot immunity, AC +12
a: Stop Flying, Curse Item, Scrying, Transfer Knowledge, Renounce Religion,
Evoke Invisibility


You were on level 2 of the Orcish Mines.
You worshipped Ashenzari.
Ashenzari was extremely pleased with you.
You visited 4 branches of the dungeon, and saw 24 of its levels.
You visited the Abyss 1 time.
You also visited: Ossuary.

You collected 2436 gold pieces.
You spent 749 gold pieces at shops.

Inventory:

Hand Weapons
 A - a +2 eveningstar of pain (weapon)
Missiles
 C - a throwing net (quivered)
Armour
 g - a +1 troll leather armour (worn) {Snorg}
 l - +0 fire dragon scales
 v - a +0 chain mail of cold resistance
 z - a +1 hat of magic resistance (worn)
 E - a +2 pair of boots of running (worn)
 H - a +1 cloak of preservation
 J - a scarf of invisibility (worn)
Jewellery
 a - an amulet of guardian spirit (around neck)
 F - a ring of resist corrosion (right hand)
 N - the ring of the Mage (left hand) {Wiz MR++ Int+3}
   (You found it on level 12 of the Dungeon)

   [ring of wizardry]

   It improves your spell success rate.
   It affects your intelligence (+3).
   It affects your resistance to hostile enchantments.
Wands
 d - a wand of flame (50)
 e - a wand of digging (6)
 p - a wand of polymorph (21)
 t - a wand of iceblast (28)
Scrolls
 b - a scroll of holy word
 c - 2 scrolls of blinking {unknown}
 f - 2 scrolls of silence {unknown}
 h - 5 scrolls of enchant armour {unknown}
 i - 7 scrolls of teleportation
 j - 4 scrolls of enchant weapon {unknown}
 k - 3 scrolls of amnesia
 m - 4 scrolls of magic mapping
 n - 7 scrolls of immolation {unknown}
 q - 4 scrolls of random uselessness {unknown}
 r - 3 scrolls of fog
 u - 9 scrolls of remove curse
 x - a scroll of brand weapon {unknown}
 I - a scroll of fear
Potions
 o - 3 potions of haste
 s - 6 potions of stabbing
 w - 4 potions of brilliance
 B - a potion of invisibility
 D - a potion of cancellation
 G - 8 potions of curing


   Skills:
 + Level 13.9(13.7) Fighting
 * Level 17.3(17.2) Maces & Flails
 - Level 1.7(1.6) Throwing
 + Level 13.7(13.5) Armour
 + Level 11.2(11.0) Dodging


You had 15 spell levels left.
You didn't know any spells.
Your spell library contained the following spells:

 Spells                   Type           Power        Failure   Level
 Animate Skeleton         Necr           #.....       16%         1
 Apportation              Tloc           #.....       16%         1
 Beastly Appendage        Tmut           #.....       16%         1
 Corona                   Hex            #......      16%         1
 Magic Dart               Conj           #...         16%         1
 Summon Small Mammal      Summ           #...         16%         1
 Blink                    Tloc           N/A          22%         2
 Call Imp                 Summ           #.......     22%         2
 Slow                     Hex            #.......     22%         2
 Wereblood                Tmut           #.......     22%         2
 Conjure Flame            Conj/Fire      #.......     38%         3
 Mephitic Cloud           Conj/Pois/Air  #.......     38%         3
 Spider Form              Tmut/Pois      #.........   38%         3
 Ice Form                 Ice/Tmut       #.......     78%         4
 Petrify                  Tmut/Erth      #.......     78%         4
 Agony                    Necr           #.......     98%         5
 Blade Hands              Tmut           #.........   98%         5
 Yara's Violent Unravell  Hex/Tmut       #.........   98%         5


Dungeon Overview and Level Annotations

Branches:
Dungeon (15/15)            Temple (1/1) D:5            Lair (6/6) D:10
  Swamp (0/4) Lair:4        Snake (0/4) Lair:3        Slime (0/5) Lair:5
    Orc (2/2) D:11            Elf (0/3) Orc:2        Vaults (0/5) D:14
 Depths (0/5) D:15        Ossuary (visited)

Altars:
Ashenzari
Cheibriados
Dithmenos
Elyvilon
Fedhas
Gozag
Hepliaklqana
Kikubaaqudgha
Makhleb
Nemelex Xobeh
Okawaru
Qazlal
Ru
Sif Muna
Trog
Uskayaw
Vehumet
Wu Jian
Xom
Yredelemnul
Zin
The Shining One
Beogh
Jiyva

Shops:
D:8 =   D:9 *   Orc:1 (   Orc:2 [

Portals:
Trove: D:10 (give 7 potions of haste)


Innate Abilities, Weirdness & Mutations

You are resistant to torment.
Your stone body is resilient. (AC +12)
You are immune to poison.
Your large and strong wings let you fly indefinitely.
You resist negative energy. (rN+)
You are resistant to electric shocks. (rElec)
You can survive without breathing.
You are immune to petrification.
You are immune to rotting.
You have a pair of small antennae on your head.
You are partially covered in molten scales. (AC +2)
You are partially covered in yellow scales. (AC +2)
Your body sometimes deteriorates upon taking damage.
You are resistant to hostile enchantments. (MR+)
You are weak. (Str -2)


Message History

You closely miss the orc high priest.
The orc high priest is almost dead.
The sixfirhy misses you. The sixfirhy closely misses you.
The ufetubus hits you but does no damage.
The ufetubus barely misses you.
The orc warrior hits you but does no damage.
The orc high priest hits you but does no damage.
The sixfirhy hits you but does no damage.
You feel better.
The sixfirhy hits you but does no damage.
The sixfirhy closely misses you.
The orc warrior hits you with a +2 vorpal scimitar!
* * * LOW HITPOINT WARNING * * *
x2 The ynoxinul gestures.
The ufetubus closely misses you. The ufetubus hits you.
* * * LOW HITPOINT WARNING * * *
The ice devil closely misses you.
The orc high priest hits you but does no damage.
The orc warrior hits you with a +0 scimitar!
You die...

#################
##...#.##.##.#.#.##
#..................
#.................. * *
* ##55................ *
.##.#53o5...............
.....oo@4...............
.##.55#3o#..............
*
*##.#5o................
,,*
##................... *
#...#.#.............. *
##$..#...............
#....#...............
#.....#........#.....
......#........#.....


You could see an orc high priest, an ice devil (summoned), a sixfirhy
(summoned), a ynoxinul (summoned), 3 orc warriors, an orc priest and 7 ufetubi.

Vanquished Creatures
  Gastronok (D:8)
  Kirke (Lair:5)
  A fire giant (D:15)
  An orc warlord (Orc:2)
  A fire dragon (Lair:6)
  Snorg (Orc:2)
  Harold (D:7)
  A rakshasa (D:15)
  Erica (D:8)
  2 catoblepae (D:13)
  15 hydras
  A centaur warrior (D:14)
  5 two-headed ogres
  6 death yaks
  2 thrashing horrors (Abyss:2)
  Urug (D:10)
  2 unseen horrors
  A wizard (D:15)
  A lindwurm (Lair:6)
  Pikel (D:5)
  2 ugly things
  2 orc knights (Orc:1)
  A deep elf mage (D:15)
  A manticore (shapeshifter) (D:14)
  5 oklob plants
  2 cyclopes
  An orc sorcerer (Orc:2)
  A manticore (D:13)
  A large abomination (Abyss:2)
  19 elephants
  Maurice (D:7)
  An elephant (shapeshifter) (D:14)
  5 black mambas
  2 molten gargoyles (Lair:6)
  Psyche (D:8)
  4 cane toads
  A smoke demon (Abyss:2)
  2 centaur skeletons (D:12)
  A gargoyle (D:10)
  Maggie (D:8)
  3 kobold demonologists
  2 rime drakes
  6 komodo dragons
  3 freezing wraiths
  An ancient zyme (Abyss:2)
  A harpy zombie (D:15)
  3 meliai (D:14)
  5 trolls
  A hornet (shapeshifter) (D:15)
  5 polar bears
  A hornet (D:9)
  2 raiju (Abyss:2)
  28 blink frogs
  2 bog bodies (Lair:4)
  A hippogriff (shapeshifter) (D:13)
  6 slime creatures (D:13)
  9 hippogriffs
  A small abomination (Abyss:2)
  Sigmund (D:2)
  A vampire (D:15)
  7 wyverns
  A yak (shapeshifter) (D:14)
  A shadow (D:15)
  3 centaur simulacra
  A water elemental (D:14)
  4 wraiths
  A steam dragon (Lair:6)
  28 yaks
  Eustachio (D:4)
  Grum (D:8)
  6 basilisks
  6 vampire mosquitoes
  A soldier ant (D:13)
  Edmund (D:5)
  2 nagas (Lair:3)
  A water moccasin (shapeshifter) (D:13)
  8 porcupines
  17 water moccasins
  5 hell hounds
  27 orc warriors
  3 phantoms
  4 ice beasts
  12 ogres
  3 eyes of draining
  3 sky beasts
  16 wolves
  A necrophage (D:8)
  4 lemures (D:5)
  21 centaurs
  4 big kobolds
  22 crocodiles
  23 bullfrogs
  A gnoll sergeant (D:9)
  A wyvern zombie (D:7)
  4 water moccasin zombies (Ossuary)
  A hornet simulacrum (D:14)
  A water moccasin skeleton (D:8)
  8 scorpions
  4 killer bees (D:9)
  27 wights
  6 electric eels
  4 howler monkeys
  5 lava snakes (Lair:6)
  7 centaur zombies
  15 hounds
  17 orc priests
  Crazy Yiuf (D:2)
  4 jellies
  3 quasits
  A bullfrog skeleton (D:12)
  An iguana (D:10)
  24 orc wizards
  Natasha (thrice) (D:2)
  11 worker ants
  Ijyb (D:4)
  5 hell rats (Lair:5)
  A big kobold zombie (Ossuary)
  2 hound zombies
  A hound skeleton (D:6)
  3 mummies
  3 gnolls (D:3)
  A howler monkey skeleton (D:8)
  9 adders
  6 shadow imps
  8 white imps
  4 ufetubi
  2 oozes
  2 adder skeletons
  7 adder zombies
  4 worms
  A dart slug (D:1)
  9 leopard geckos
  79 orcs
  8 giant cockroaches
  A gnoll zombie (Ossuary)
  11 goblins
  10 hobgoblins
  10 jackals
  26 kobolds
  4 quokkas
  A ball python (D:8)
  8 bats
  6 frilled lizards
  6 hobgoblin zombies
  5 kobold zombies
  6 orc zombies
  10 rats
829 creatures vanquished.

Vanquished Creatures (others)
  2 humans (Lair:5)
  3 orcs
  47 fungi
  38 plants
90 creatures vanquished.

Grand Total: 919 creatures vanquished

Notes
Turn   | Place    | Note
-------+----------+-------------------------------------------
     0 | D:1      | Borgoz the Gargoyle Gladiator began the quest for the Orb.
     0 | D:1      | Reached XP level 1. HP: 12/12 MP: 1/1
   250 | D:1      | Reached XP level 2. HP: 18/18 MP: 2/2
   538 | D:1      | Reached skill level 1 in Armour
   730 | D:1      | Reached XP level 3. HP: 22/22 MP: 3/3
  1081 | D:2      | Noticed Sigmund
  1096 | D:2      | Gained mutation: You possess an exceptional clarity of
                  | mind. [potion of mutation]
  1096 | D:2      | Gained mutation: You have large cloven feet. [potion of
                  | mutation]
  1127 | D:2      | Killed Sigmund
  1127 | D:2      | Reached skill level 4 in Maces & Flails
  1127 | D:2      | Reached XP level 4. HP: 12/28 MP: 4/4
  1127 | D:2      | Reached XP level 5. HP: 13/32 MP: 5/5
  1553 | D:2      | Reached XP level 6. HP: 37/37 MP: 6/6
  1595 | D:2      | Found a runed translucent door.
  1596 | D:2      | Noticed Crazy Yiuf
  1802 | D:2      | Noticed Natasha
  1810 | D:2      | Killed Natasha
  1821 | D:2      | Noticed Natasha
  1824 | D:2      | Killed Natasha
  1934 | D:2      | Noticed Natasha
  1943 | D:2      | Killed Natasha
  2149 | D:2      | Killed Crazy Yiuf
  2149 | D:2      | Reached skill level 5 in Maces & Flails
  2241 | D:3      | Found a transporter.
  2253 | D:3      | Noticed a kobold demonologist
  2282 | D:3      | Found an iron altar of Okawaru.
  2353 | D:3      | Reached XP level 7. HP: 42/43 MP: 7/7
  2738 | D:3      | Found a transporter.
  2843 | D:3      | Found a basalt altar of Yredelemnul.
  3261 | D:3      | Found a white marble altar of Elyvilon.
  3478 | D:4      | Noticed Ijyb
  3493 | D:4      | Killed Ijyb
  3649 | D:4      | Found a blossoming altar of Fedhas.
  3650 | D:4      | Found a glowing silver altar of Zin.
  3778 | D:4      | Reached skill level 6 in Maces & Flails
  3940 | D:4      | Reached XP level 8. HP: 28/48 MP: 8/8
  4121 | D:4      | Noticed Eustachio
  4130 | D:4      | Killed Eustachio
  4130 | D:4      | Reached skill level 5 in Fighting
  4296 | D:5      | Entered Level 5 of the Dungeon
  4459 | D:5      | Noticed Pikel
  4499 | D:5      | Lost mutation: You have large cloven feet. [potion of
                  | mutation]
  4499 | D:5      | Lost mutation: You possess an exceptional clarity of mind.
                  | [potion of mutation]
  4499 | D:5      | Gained mutation: Your muscles are strong. (Str +2) [potion
                  | of mutation]
  4499 | D:5      | Gained mutation: You occasionally shout uncontrollably at
                  | your foes. [potion of mutation]
  4499 | D:5      | Gained mutation: You have a pair of small antennae on your
                  | head. [potion of mutation]
  4570 | D:5      | Killed Pikel
  4570 | D:5      | Reached skill level 7 in Maces & Flails
  4570 | D:5      | Reached skill level 5 in Armour
  4780 | D:5      | Reached XP level 9. HP: 55/55 MP: 9/9
  4784 | D:5      | Found a staircase to the Ecumenical Temple.
  4805 | Temple   | Entered the Ecumenical Temple
  5010 | Temple   | Became a worshipper of Ashenzari the Shackled
  5111 | D:5      | Noticed Edmund
  5133 | D:5      | Killed Edmund
  5133 | D:5      | Reached skill level 8 in Maces & Flails
  5133 | D:5      | Reached skill level 5 in Dodging
  5612 | D:6      | Found a stormy altar of Qazlal.
  5747 | D:6      | Found an ornate altar of the Wu Jian Council.
  6341 | D:7      | Reached * piety under Ashenzari
  6578 | D:7      | Reached skill level 9 in Maces & Flails
  6686 | D:7      | Reached XP level 10. HP: 38/63 MP: 4/10
  7123 | D:7      | Found a bloodstained altar of Trog.
  7125 | D:7      | Noticed Harold
  7144 | D:7      | Killed Harold
  7234 | D:8      | Noticed a +0 hand axe
  7236 | D:8      | Noticed a +0 dagger
  7238 | D:8      | Found a hide-covered altar of Uskayaw.
  7238 | D:8      | Noticed Grum
  7261 | D:8      | Killed Grum
  7287 | D:8      | Reached skill level 10 in Maces & Flails
  7322 | D:8      | Noticed Maurice
  7340 | D:8      | Found a sand-covered staircase.
  7346 | Ossuary  | Entered an ossuary
  7606 | D:8      | Noticed Gastronok
  7621 | D:7      | Killed Maurice
  7639 | D:7      | Lost mutation: Your muscles are strong. (Str +2) [potion of
                  | mutation]
  7639 | D:7      | Lost mutation: You occasionally shout uncontrollably at
                  | your foes. [potion of mutation]
  7639 | D:7      | Gained mutation: You are resistant to hostile enchantments.
                  | (MR+) [potion of mutation]
  7639 | D:7      | Gained mutation: Your movements are slightly less
                  | encumbered by armour. (ER -2) [potion of mutation]
  7639 | D:7      | Gained mutation: You are partially covered in yellow
                  | scales. (AC +2) [potion of mutation]
  7692 | D:8      | Found an iron altar of Okawaru.
  7694 | D:8      | Noticed an oklob plant
  7695 | D:8      | Found Etoop's Jewellery Shoppe.
  7856 | D:9      | Found a burning altar of Makhleb.
  7986 | D:9      | Noticed a two-headed ogre
  7996 | D:9      | Killed a two-headed ogre
  8014 | D:9      | Reached XP level 11. HP: 53/69 MP: 5/11
  8139 | D:9      | Found Ythidiry's Elemental Accessories.
  8261 | D:9      | Reached skill level 11 in Maces & Flails
  8263 | D:9      | Noticed a two-headed ogre
  8276 | D:9      | Killed a two-headed ogre
  8688 | D:8      | Noticed Maggie
  8725 | D:8      | Killed Maggie
  8758 | D:8      | Noticed Psyche
  8934 | D:8      | Cast into level 1 of the Abyss (Psyche)
  8974 | Abyss:1  | Noticed a wretched star
  8990 | Abyss:1  | Noticed a thrashing horror
  8998 | Abyss:2  | Noticed a red very ugly thing
  8998 | Abyss:2  | Noticed a red ugly thing
  8999 | Abyss:2  | Reached ** piety under Ashenzari
  9024 | Abyss:2  | Found a corrupted altar of Lugonu.
  9043 | Abyss:2  | Lost mutation: Your movements are slightly less encumbered
                  | by armour. (ER -2) [potion of mutation]
  9043 | Abyss:2  | Lost mutation: You have a pair of small antennae on your
                  | head. [potion of mutation]
  9043 | Abyss:2  | Gained mutation: Your flesh is cold resistant. (rC+)
                  | [potion of mutation]
  9043 | Abyss:2  | Gained mutation: You have a pair of small antennae on your
                  | head. [potion of mutation]
  9044 | Abyss:2  | Lost mutation: Your flesh is cold resistant. (rC+) [potion
                  | of mutation]
  9044 | Abyss:2  | Gained mutation: You are weak. (Str -2) [potion of
                  | mutation]
  9044 | Abyss:2  | Gained mutation: Your body sometimes deteriorates upon
                  | taking damage. [potion of mutation]
  9044 | Abyss:2  | Gained mutation: You are partially covered in molten
                  | scales. (AC +2) [potion of mutation]
  9086 | Abyss:2  | Noticed a thrashing horror
  9103 | Abyss:2  | Killed a thrashing horror
  9256 | Abyss:2  | Noticed a tentacled starspawn
  9278 | Abyss:2  | Noticed a hell hog
  9279 | Abyss:2  | Noticed a hell hog
  9281 | Abyss:2  | Noticed a hell hog
  9336 | Abyss:2  | Noticed a thrashing horror
  9357 | Abyss:2  | Noticed a large abomination
  9359 | Abyss:2  | Killed a thrashing horror
  9363 | Abyss:2  | Killed a large abomination
  9378 | D:8      | Escaped the Abyss
  9386 | D:8      | Killed Psyche
  9386 | D:8      | Reached skill level 12 in Maces & Flails
  9631 | D:8      | Killed Gastronok
  9631 | D:8      | Reached XP level 12. HP: 58/77 MP: 8/12
  9720 | D:8      | Found a hazy altar of Hepliaklqana.
  9735 | D:8      | Found a shimmering blue altar of Sif Muna.
  9924 | D:8      | Found a radiant altar of Vehumet.
 10151 | D:8      | Noticed Erica
 10162 | D:8      | Killed Erica
 10689 | D:10     | Entered Level 10 of the Dungeon
 10787 | D:10     | Reached skill level 10 in Fighting
 10949 | D:10     | Noticed Urug
 10974 | D:10     | Killed Urug
 11203 | D:10     | Found a portal to a secret trove of treasure.
 11237 | D:10     | Found a shadowy altar of Dithmenos.
 11275 | D:10     | Identified the Incunabulum of Lethal Changing
 11407 | D:10     | Found a staircase to the Lair.
 11511 | D:10     | Reached *** piety under Ashenzari
 11685 | D:11     | Reached skill level 10 in Armour
 11747 | D:11     | Noticed a rakshasa
 11757 | D:11     | Reached skill level 13 in Maces & Flails
 11915 | D:11     | Noticed a tengu reaver
 12047 | D:11     | Found a staircase to the Orcish Mines.
 12272 | D:12     | Noticed a two-headed ogre
 12284 | D:12     | Killed a two-headed ogre
 12669 | D:12     | Found the ring of the Mage {Wiz MR++ Int+3}
 12858 | D:12     | Reached XP level 13. HP: 83/83 MP: 13/13
 12876 | D:12     | Found a bloodstained altar of Trog.
 13841 | D:13     | Reached skill level 14 in Maces & Flails
 15985 | D:14     | Found a blossoming altar of Fedhas.
 16426 | D:14     | Found a gate to the Vaults.
 16836 | D:15     | Entered Level 15 of the Dungeon
 17126 | D:3      | Gained mutation: Your large and strong wings let you fly
                  | indefinitely. [Gargoyle growth]
 17126 | D:3      | Reached XP level 14. HP: 90/91 MP: 14/14
 17590 | D:15     | Found a staircase to the Depths.
 17590 | D:15     | Noticed a fire giant
 17619 | D:15     | Killed a fire giant
 17638 | D:15     | Reached skill level 15 in Maces & Flails
 19086 | D:15     | Found a white marble altar of Elyvilon.
 19261 | Lair:1   | Entered Level 1 of the Lair of Beasts
 19328 | Lair:1   | Reached **** piety under Ashenzari
 20840 | Lair:2   | Reached skill level 10 in Dodging
 21639 | Lair:3   | Found a staircase to the Snake Pit.
 22033 | Lair:3   | Reached ***** piety under Ashenzari
 23879 | Lair:4   | Reached skill level 16 in Maces & Flails
 23879 | Lair:4   | Reached XP level 15. HP: 60/97 MP: 9/15
 24035 | Lair:4   | Found a staircase to the Swamp.
 25134 | Lair:5   | Got the cursed ring mail of the Bells {rC- rN+++ Int+4
                  | Slay-3}
 25229 | Lair:5   | Found a staircase to the Slime Pits.
 25229 | Lair:5   | Found a viscous altar of Jiyva.
 25850 | Lair:5   | Noticed Kirke
 25863 | Lair:5   | Killed Kirke
 26193 | Lair:6   | Entered Level 6 of the Lair of Beasts
 27542 | Lair:6   | Found an ornate altar of the Wu Jian Council.
 27558 | Lair:6   | Reached skill level 17 in Maces & Flails
 27654 | Lair:6   | Found a large runed translucent door.
 27654 | Lair:6   | Found a large runed translucent door.
 28421 | Lair:6   | Reached XP level 16. HP: 48/105 MP: 8/16
 28950 | Orc:1    | Entered Level 1 of the Orcish Mines
 29188 | Orc:2    | Entered Level 2 of the Orcish Mines
 29539 | Orc:2    | Found a staircase to the Elven Halls.
 29602 | Orc:2    | Found a roughly hewn altar of Beogh.
 29808 | Orc:2    | Found Otwomuar's Armour Emporium.
 29818 | Orc:2    | Noticed Snorg
 29850 | Orc:2    | Killed Snorg
 29909 | Orc:2    | Bought a +2 pair of boots of running for 581 gold pieces
 29909 | Orc:2    | Bought a scarf of invisibility for 168 gold pieces
 29973 | Orc:2    | Found a roughly hewn altar of Beogh.
 30364 | Orc:1    | Found Licwuvisk's Weapon Emporium.
 30717 | Orc:2    | Slain by an orc warrior

Illustrated notes

Levels and vault maps discovered:
D:1:      minmay_arrival_hallway, layout_basic
D:2:      layout_basic, minmay_worlds_worst_comb, uniq_natasha,
          uniq_crazy_yiuf_cottage, uniq_sigmund
D:3:      gammafunk_wand_slinger, layout_loops_corners, kennysheep_ying_yang,
          okawaru_trees_2
D:4:      layout_basic, grunt_temple_overflow_open, uniq_ijyb, uniq_eustachio
D:5:      layout_basic, minmay_temple_entry_statues_fountains, uniq_pikel,
          uniq_edmund
D:6:      layout_gridville, nicolae_overflow_crystal_walls, kennysheep_mini,
          minmay_mini_ossuary
D:7:      layout_rooms, lemuel_doored_altar, kennysheep_generic_room_16,
          uniq_harold
D:8:      layout_cave_pools, overflow_temple_1_default, kennysheep_little_box,
          dancing_weapons_uskayaw, old_standard_altar, serial_shops, shop,
          enter_ossuary_2, lemuel_oklob_altar, uniq_erica, uniq_maurice,
          uniq_psyche, uniq_grum, uniq_maggie, uniq_gastronok
D:9:      hangedman_cross_cluster, layout_irregular_city, old_standard_altar,
          nicolae_elemental_shop, minivault_26
D:10:     layout_long_grid, grunt_lair_entry_orc_guard_hut,
          nicolae_trove_entry_diagonal, grunt_dithmenos_smoke, uniq_urug
D:11:     layout_rooms, orc_0_dummy, minmay_misc_feat_ornament,
          onia_ninara_dug_in_and_dangerous
D:12:     layout_gridville, trog_ov_bears_minmay
D:13:     layout_loops_ring
D:14:     layout_irregular_city, david_vaults_2, serial_ice, serial_ice_h,
          serial_ice_m, serial_ice_j, serial_ice_b, serial_ice_f, serial_ice_a,
          fedhas_altar_1
D:15:     grunt_enter_depths_giant_problem, layout_cave_pods, basic_altar,
          ebering_dispersal_statue_hall
Temple:   nicolae_temple_figure_zero
Lair:1:   layout_cave_pods, grunt_megastairs_4
Lair:2:   layout_cave_shapes, chequers_serial_rivers_micro_c,
          serial_bayou_shore_a
Lair:3:   layout_roguey, guppyfry_snake_entry_garden, serial_bayou_shore_b,
          minmay_lair_oklob_chamber
Lair:4:   layout_roguey, nicolae_swamp_entry_splash_gauntlet,
          beast_lair_carwin_9
Lair:5:   layout_loops_ring, slime_altar_1, infiniplex_staircase_pool_2,
          uniq_kirke
Lair:6:   cheibrodos_lair_end_hotspot, layout_regular_city, lemuel_centaur_altar
Orc:1:    layout_caves, serial_shops, shop
Orc:2:    grunt_orc_community_town_hall, layout_caves,
          grunt_orc_community_big_house_1, grunt_orc_community_big_house_2,
          grunt_orc_community_house_3, grunt_orc_community_house_2,
          grunt_orc_community_house_2, grunt_orc_community_house_2,
          serial_shops, shop_coins, bh_open_orc_temple, uniq_snorg

Skill      XL: |  1  2  3  4  5  6  7  8  9 10 11 12 13 14 15 |
---------------+----------------------------------------------+-----
Armour         | 1 2 3 4 5 6 7 9 10 11 12 13 | 13.7
Fighting       | 3 4 5 7 8 9 10 11 12 13 | 13.9
Maces & Flails | 4 5 6 7 9 10 12 13 14 16 17 | 17.3
Dodging        | 3 4 5 6 7 8 9 10 11 | 11.2
Throwing       | |  1.7

Action                   |  1- 3 |  4- 6 |  7- 9 | 10-12 | 13-15 | 16-18 || total
-------------------------+-------+-------+-------+-------+-------+-------++-------
Melee: Flail             |   151 |    84 |   564 |   662 |       |       ||  1461
       Kick              |     8 |    28 |    62 |       |       |       ||    98
       Unarmed           |       |       |     7 |       |       |       ||     7
       Eveningstar       |       |       |       |   288 |  1800 |   304 ||  2392
Throw: Throwing net      |       |       |     5 |     6 |     4 |       ||    15
Invok: Curse Item        |       |       |     2 |       |       |       ||     2
 Abil: Fly               |       |       |       |       |     1 |       ||     1
Evoke: Wand              |       |       |       |    12 |    35 |       ||    47
  Use: Potion            |     3 |       |     1 |     7 |    12 |     5 ||    28
       Scroll            |       |       |     9 |     9 |     4 |     1 ||    23
 Stab: Held in net/web   |       |       |       |     2 |       |       ||     2
       Invisible         |       |       |       |       |    10 |    18 ||    28
       Petrified         |       |       |       |       |     5 |       ||     5
Armor: Leather armour    |    16 |       |       |       |       |       ||    16
       Plate armour      |   123 |    72 |   481 |   798 |  1994 |    58 ||  3526
       Troll leather arm |       |       |       |       |       |    96 ||    96
       Chain mail        |       |       |       |       |       |    56 ||    56
Dodge: Dodged            |    55 |    37 |   252 |   614 |  1541 |   442 ||  2941

Table legend: (Time is in decaauts)
 A = Elapsed time spent in this place.
 B = Non-inter-level travel time spent in this place.
 C = Inter-level travel time spent in this place.
 D = Time resting spent in this place.
 E = Time spent auto-exploring this place.
 F = Levels seen in this place.
 G = Mean time per level.
                   A        B        C        D        E       F      G
               +--------+--------+--------+--------+--------+-----+--------+
         Total |  30182 |  28574 |   1608 |   5493 |  17116 |  27 | 1117.9 |
       Dungeon |  18314 |  17167 |   1147 |   2959 |  10499 |  15 | 1220.9 |
        Temple |    218 |    186 |     32 |      0 |    183 |   1 |  218.0 |
          Lair |   9319 |   8946 |    373 |   1974 |   5643 |   6 | 1553.2 |
  Orcish Mines |   1651 |   1596 |     55 |    491 |    632 |   2 |  825.5 |
         Abyss |    443 |    443 |      0 |     68 |      0 |   2 |  221.5 |
       Ossuary |    235 |    235 |      0 |      0 |    158 |   1 |  235.0 |
               +--------+--------+--------+--------+--------+-----+--------+

Top non-repeatable levels by time:
  Lair:6: 2469 daAuts
    D:14: 1981 daAuts
  Lair:3: 1862 daAuts
    D:15: 1722 daAuts
     D:9: 1573 daAuts
    D:13: 1549 daAuts
  Lair:5: 1496 daAuts
     D:2: 1452 daAuts
     D:8: 1237 daAuts
    D:12: 1222 daAuts
  Lair:4: 1209 daAuts
  Lair:1: 1176 daAuts
     D:3: 1168 daAuts
  Lair:2: 1105 daAuts
     D:7: 1085 daAuts
